 Dungeon Crawl Stone Soup version 0.28.0 (webtiles) character file.

Game seed: 17547631973474145769

90 Dorkslayer the Conjurer (level 4, -1/28 HPs)
             Began as an Octopode Conjurer on July 11, 2022.
             Slain by Terence (9 damage)
             ... on level 3 of the Dungeon.
             The game lasted 00:04:50 (2496 turns).

Dorkslayer the Conjurer (Octopode Conjurer)         Turns: 2496, Time: 00:04:50

Health: -1/28      AC:  4    Str:  8    XL:     4   Next: 56%
Magic:  1/8        EV: 12    Int: 20    God:
Gold:   51         SH:  3    Dex: 10    Spells: 6/9 levels left

rFire   . . .      SeeInvis .   a - +1 short sword (flame)
rCold   . . .      Faith    .   k - +0 buckler {AC+3}
rNeg    . . .      Spirit   .   (helmet restricted)
rPois   .          Reflect  .   (no amulet)
rElec   .          Harm     .   (no ring)
rCorr   .          Rampage  .   (no ring)
Will    .....                   (no ring)
Stlth   +++.......              (no ring)
HPRegen 0.09/turn               (no ring)
MPRegen 0.11/turn               (no ring)
                                (no ring)
                                (no ring)

@: no status effects
A: almost no armour, amphibious, 8 rings, camouflage 1, gelatinous body 1,
(nimble swimmer 1), tentacles
a: no special abilities


You were on level 3 of the Dungeon.
You visited 1 branch of the dungeon, and saw 3 of its levels.

You collected 51 gold pieces.

Inventory:

Hand Weapons
 a - a +1 short sword of flaming (weapon)
 g - a +0 long sword
Missiles
 j - 4 stones
Armour
 k - a +0 buckler of protection (worn)
Scrolls
 e - a scroll of vulnerability {unknown}
 f - a scroll of noise {unknown}
 i - a scroll of fog {unknown}
Potions
 c - a potion of magic
 d - 2 potions of curing
 h - a potion of flight {unknown}


   Skills:
 * Level 1.2 Fighting
 + Level 0.3 Short Blades
 + Level 2.1 Dodging
 + Level 2.9 Stealth
 * Level 0.9 Unarmed Combat
 * Level 3.1 Spellcasting
 + Level 4.5 Conjurations


You had 6 spell levels left.
You knew the following spells:

 Your Spells              Type           Power      Damage    Failure   Level
a - Magic Dart            Conj           84%        1d7       3%          1
b - Searing Ray           Conj           42%        2d6       4%          2

Your spell library contained the following spells:

 Spells                   Type           Power      Damage    Failure   Level
 Dazzling Flash           Conj/Hex       24%        N/A       22%         3
 Fulminant Prism          Conj/Hex       6%         3d7       58%         4
 Iskenderun's Mystic Bla  Conj/Tloc      12%        2d5       58%         4


Dungeon Overview and Level Annotations

Branches:
Dungeon (3/15)

Altars:

Annotations:
D:3 Terence


Innate Abilities, Weirdness & Mutations

You cannot wear most types of armour.
You are amphibious.
You can wear up to eight rings at the same time.
Your skin changes colour to match your surroundings (Stealth+).
Your rubbery body absorbs attacks. (AC +1, EV +1)
((You are camouflaged when in or above water. (Stealth+)))
You have tentacles for arms and can constrict up to eight enemies at once.


Message History

You feel much better. Terence hits you with a +4 vorpal mace!
Casting: Searing Ray (safe; 4% risk of failure)
Confirm with . or Enter, or press ? or * to list all spells.
Aiming: Searing Ray (safe; 4% risk of failure)
Press: ? - help, Shift-Dir - straight line, f/p - Terence
Aim: Terence, wielding a +4 vorpal mace and wearing a +0 chain mail (moderately wounded, 84% to hit)
Okay, then.
Casting: Searing Ray (safe; 4% risk of failure)
Confirm with . or Enter, or press ? or * to list all spells.
Aiming: Searing Ray (safe; 4% risk of failure)
Press: ? - help, Shift-Dir - straight line, f/p - Terence
Aim: Terence, wielding a +4 vorpal mace and wearing a +0 chain mail (moderately wounded, 84% to hit)
The searing ray hits Terence.
Terence is heavily wounded. (Press . to maintain the ray.) Terence barely misses you.
You hit Terence but do no damage. You grab Terence.
Terence is heavily wounded.
You constrict Terence, but do no damage.
Terence barely misses you.
You hit Terence but do no damage. You squeeze Terence, but do no damage.
Terence is heavily wounded.
You constrict Terence, but do no damage.
Terence misses you.
You hit Terence. You burn Terence. You squeeze Terence, but do no damage.
Terence is almost dead.
You constrict Terence, but do no damage.
Terence hits you with a +4 vorpal mace!
* * * LOW HITPOINT WARNING * * *
You feel much better.
You constrict Terence. You block Terence's attack.
You hit Terence but do no damage.
Terence is almost dead.
You constrict Terence, but do no damage.
Terence closely misses you. Terence hits you with a +4 vorpal mace!
* * * LOW HITPOINT WARNING * * *
You hit Terence but do no damage.
Terence is almost dead.
You constrict Terence, but do no damage.
Terence hits you with a +4 vorpal mace!
You die...

.##....##.#...#####.##..######
..............# ###.##..#########
###..####........................
#..# #.##>.#####.##..###.####.
#..# #.# ..# #.##..# #.# #. #..#
#.##..# #.##..# #.# #) #... .....
# #.##..###.####. .....
..###.#####.##........... ##...
.......@@......##########
#.###.########## .. ##


You could see Terence.

Vanquished Creatures
  3 adders
  3 dart slugs
  An orc (D:3)
  3 bats (D:1)
  4 endoplasms
  5 giant cockroaches
  4 goblins (D:1)
  7 hobgoblins
  9 ball pythons
  2 frilled lizards (D:1)
  4 kobolds
  7 rats
52 creatures vanquished.

Notes
Turn   | Place    | Note
-------+----------+-------------------------------------------
     0 | D:1      | Dorkslayer the Octopode Conjurer began the quest for the
                  | Orb.
     0 | D:1      | Reached XP level 1. HP: 11/11 MP: 3/3
    92 | D:1      | Reached skill level 1 in Fighting
   191 | D:1      | Reached XP level 2. HP: 18/18 MP: 3/5
   243 | D:1      | Found a faded altar of an unknown god.
   555 | D:1      | Reached XP level 3. HP: 22/23 MP: 0/6
   937 | D:2      | Learned a level 2 spell: Searing Ray
  1427 | D:2      | Reached XP level 4. HP: 28/28 MP: 6/8
  2482 | D:3      | Noticed Terence
  2496 | D:3      | Slain by Terence

Illustrated notes

Levels and vault maps discovered:
D:1:      saegor_arrival_under_anarchy, layout_rooms,
          shapermc_ecumenical_altar_mp_vishouse, minmay_misc_feat_more_columns,
          corexii_corridor_pit, ebering_dispersal_statue_hall
D:2:      layout_loops_ring
D:3:      layout_basic, minmay_ogre_servants, uniq_crazy_yiuf_cottage,
          uniq_terence

Skill      XL: |  1  2  3  4 |
---------------+-------------+-----
Fighting       | 1 |  1.2
Spellcasting   | 3 |  3.1
Short Blades   | |  0.3
Dodging        | |  2.1
Stealth        | |  2.9
Unarmed Combat | |  0.9
Conjurations   | |  4.5

Action                   |  1- 3 |  4- 6 || total
-------------------------+-------+-------++-------
Melee: Unarmed           |     1 |       ||     1
       Short sword       |    12 |     9 ||    21
       Constrict         |     1 |     1 ||     2
       Tentacles         |       |     3 ||     3
 Cast: Magic Dart        |    64 |    24 ||    88
       Searing Ray       |       |     2 ||     2
  Use: Scroll            |       |     3 ||     3
       Potion            |       |     2 ||     2
 Stab: Sleeping          |     2 |       ||     2
Armor: Skin              |     1 |       ||     1
Dodge: Dodged            |     8 |     5 ||    13
Block: Buckler           |       |     1 ||     1
